[Event "*** Titled Tuesday Blitz"]
[Site "Chess.com"]
[Date "2020.05.12"]
[Round "7"]
[White "tsvet2005"]
[Black "giantslayer83"]
[Result "1-0"]
[WhiteElo "2498"]
[BlackElo "2686"]
[TimeControl "180+1"]
[EndTime "11:17:32 PDT"]
[Termination "tsvet2005 won by checkmate"]

1. d4 Nf6 2. c4 e6 3. Nc3 Bb4 4. f3 c5 5. d5 b5 6. e4 d6 7.
Bd2 bxc4 8. Bxc4 O-O 9. Nge2 Ba6 10. Bxa6 Nxa6 11. dxe6 fxe6 12. Nf4 Qe8 13. O-O c4 14. a3 Bc5+ 15. Kh1 Nc7 16. Na4 Bd4 17. Ba5 Nb5 18. Ne2 e5 19. Nac3 Nxc3 20. Bxc3 Bc5 21.
b4 cxb3 22. Qxb3+ Kh8 23. Rfd1 Rb8 24. Qa2 Nh5 25. Bb4 Bxb4 26. axb4 Qg6 27. Qxa7 Rxb4 28. Qe7 Rfb8 29. Rxd6 Qe8 30. Qxe8+ Rxe8 31. Nc3 h6 32. Nd5 Rb2 33. h3 Rc8 34. Ne3 Rc3 35.
Nd1 Ng3+ 36. Kh2 Nf1+ 37. Kg1 Rcc2 38. Nxb2 Ne3 39. Nd3 Rxg2+ 40. Kh1 Rg3 41. Nxe5 Rxh3+ 42. Kg1 Kh7 43. Kf2 Nc2 44. Rg1 Rh2+ 45. Rg2 Rh5 46. Rd7 Kg8 47. Rdxg7+ Kf8 48. Rg8+ Ke7 49. R2g7+ Kd6 50. Ng4 Kc5 51. Rc7+ Kd4 52. Rxc2 Kd3 53. Rc7 Rb5 54. Rd8+ Rd5 55. Rxd5# 1-0

[Event "*** Titled Tuesday Blitz"]
[Site "Chess.com"]
[Date "2020.05.12"]
[Round "7"]
[White "Sanyura"]
[Black "PetrolulSah"]
[Result "1-0"]
[WhiteElo "2489"]
[BlackElo "2275"]
[TimeControl "180+1"]
[EndTime "11:17:33 PDT"]
[Termination "Sanyura won on time"]

1. e4 e5 2. Nf3 Nc6 3. Bb5 a6 4. Ba4 Nf6 5. O-O Be7 6. Re1 b5 7. Bb3 d6 8. h3 O-O 9. c3 Nb8 10. d4 Nbd7 11. a4 Bb7 12. Nbd2 Re8 13. Ba2 Bf8 14. Ng5 Re7 15. Qb3 d5 16. exd5 Bxd5 17. Qc2 Bxa2 18. Rxa2 exd4 19. Rxe7 Qxe7 20. Ndf3 h6 21.
a5 hxg5 22. cxd4 g4 23. hxg4 Nxg4 24. Qc6 Re8 25. Bd2 Ndf6 26. Ra1 Qe2 27. Rf1 Bd6 28. Bg5 Qe4 29. Qc1 Qg6 30. Bf4 Qh5 31. Bxd6 cxd6 32. Qf4 d5 33. Rc1 Ne4 34. Rf1 Nexf2 35. Rxf2 Nxf2 36. Kxf2 Qg6 37. Qc7 Qe6 38. Ne5 f6 39. Nf3 Qe3+ 40. Kg3 Qe7 41. Qc6 Qe6 42. Qc7 Re7 43.
Qb8+ Kh7 44. Qf4 Qe4 45. Qd6 Qg6+ 46. Kf2 Qc2+ 47. Kg3 Re2 48. Nh4 Qe4 49. Qd7 Qe3+ 50. Nf3 Qe7 51. Qf5+ g6 52. Qxd5 Qe6 53. Qb7+ Kh6 54.
Qb8 Qe7 55. Qh8+ Qh7 56. Qxf6 Qc7+ 57. Ne5 Re3+ 58. Kf2 Rxe5 59. Qxe5 Qc2+ 60. Kg3 Qxb2 61. Qh8+ 1-0

[Event "*** Titled Tuesday Blitz"]
[Site "Chess.com"]
[Date "2020.05.12"]
[Round "7"]
[White "Gajuchess"]
[Black "TregubovP"]
[Result "1/2-1/2"]
[WhiteElo "2695"]
[BlackElo "2546"]
[TimeControl "180+1"]
[EndTime "11:17:35 PDT"]
[Termination "Game drawn by agreement"]

1. d4 Nf6 2. Nf3 e6 3. c4 Bb4+ 4. Nbd2 O-O 5. a3 Be7 6. e4 d6 7. Be2 Nbd7 8. O-O e5 9. Qc2 Re8 10. Nb1 exd4 11. Nxd4 Nc5 12. Nc3 Nfxe4 13. Nxe4 Nxe4 14.
Qxe4 Bf6 15. Qd3 Bxd4 16. Qxd4 Rxe2 17. Be3 Qf6 18. Qxf6 gxf6 19. Bd4 Kg7 20. Rfe1 Re6 21. Re3 Rxe3 22. fxe3 Kg6 23. Rf1 f5 24. Rf3 f6 25.
e4 Bd7 26. exf5+ Bxf5 27. g4 Bxg4 28. Rxf6+ Kh5 29. Be3 Bd7 30. Rh6+ Kg4 31. Rxh7 Bc6 32. Kf2 Rf8+ 33. Ke2 Bf3+ 34. Kd2 c5 35. Rh6 Rd8 36. h3+ Kf5 37. Ke1 b6 38. Kf2 Be4 39. Ke2 d5 40. cxd5 Bxd5 41. h4 Bc4+ 42. Kf2 Rd3 43. h5 Rb3 44.
Bc1 Rh3 45. Rh8 Bd5 46. h6 Kg4 47. Rd8 Be4 48. Rg8+ Kf5 49. Rg7 a5 50. b4 axb4 51. axb4 cxb4 52. Be3 Rh2+ 53. Ke1 Bd3 54. h7 Ke6 55.
Bxb6 Rxh7 56. Rxh7 Bxh7 57. Kd2 Kd5 58. Kc1 Kc4 59.
Kb2 b3 60. Bd8 1/2-1/2

[Event "*** Titled Tuesday Blitz"]
[Site "Chess.com"]
[Date "2020.05.12"]
[Round "7"]
[White "Mizner"]
[Black "Norival"]
[Result "1-0"]
[WhiteElo "2530"]
[BlackElo "2638"]
[TimeControl "180+1"]
[EndTime "11:17:36 PDT"]
[Termination "Mizner won on time"]

1. d4 d5 2. c4 c6 3. cxd5 cxd5 4.
Nf3 Nc6 5. Nc3 Nf6 6. Bf4 a6 7. Rc1 Bf5 8. e3 Rc8 9. Ne5 Bd7 10. Nxd7 Qxd7 11. Na4 Qd8 12. a3 e6 13. Bd3 Be7 14.
O-O O-O 15. h3 Nd7 16. b4 b5 17. Nc5 Nxc5 18. dxc5 f5 19. Qb3 Qd7 20. Rfd1 Qb7 21. Bg3 Rfd8 22. Be2 Bf6 23. Bf3 Be5 24. Bh4 Rd7 25.
Rd2 Bf6 26. Bg3 h6 27. Rcd1 Rcd8 28. Qc2 Be5 29. Bxe5 Nxe5 30. Be2 Kf7 31. f4 Nc4 32. Bxc4 bxc4 33. g4 g6 34. Kh2 Rg8 35. Qc3 Qc6 36.
Qe5 a5 37. Rg2 axb4 38. axb4 Ra7 39. Rdg1 Rg7 40. gxf5 exf5 41. Qxf5+ gxf5 42. Rxg7+ Ke8 43. Rg8+ Ke7 44. R1g7+ Kf6 45. Rg6+ Kf7 46. Rxc6 Kxg8 47. b5 c3 48. b6 Ra2+ 49. Kg3 c2 50. b7 Rb2 51.
Rb6 c1=Q 52. b8=Q+ Kf7 53. Rxb2 Qxe3+ 54. Kg2 Qe4+ 55.
Kg3 Qe1+ 56. Kf3 1-0

[Event "*** Titled Tuesday Blitz"]
[Site "Chess.com"]
[Date "2020.05.12"]
[Round "7"]
[White "14Sokol88"]
[Black "cukin84"]
[Result "1-0"]
[WhiteElo "2384"]
[BlackElo "2128"]
[TimeControl "180+1"]
[EndTime "11:17:36 PDT"]
[Termination "14Sokol88 won by checkmate"]

1. e4 c6 2. d4 d5 3. Nc3 a6 4. Bd3 dxe4 5. Bxe4 Nf6 6. Bf3 Bf5 7. Nge2 e6 8. Ng3 Bg6 9. Nce4 Nbd7 10. O-O Nxe4 11.
Nxe4 Nf6 12. Nxf6+ Qxf6 13. Be3 Bd6 14. Qd2 h6 15. c4 O-O 16. Rfe1 Qh4 17. g3 Qf6 18. Bg2 Rad8 19. Qc3 c5 20. Bxb7 Rb8 21. Bg2 Bh5 22.
a3 a5 23. Rac1 a4 24. d5 Rxb2 25. Qxf6 gxf6 26. dxe6 fxe6 27. Bxh6 Re8 28. h3 Bg6 29. Rcd1 Be5 30. Rd7 Bf7 31. Bc6 Rc8 32. Bxa4 Bd4 33. Be3 Be5 34. Bb5 Be8 35. Re7 Bxb5 36. cxb5 c4 37.
Rxe6 c3 38. Rc6 Rxc6 39. bxc6 c2 40. Kg2 Rb1 41. Re2 c1=Q 42. Bxc1 Rxc1 43. f4 Bc7 44.
Re8+ Kf7 45. Re2 Rxc6 46. h4 Ba5 47. Kh3 Rd6 48. Re4 f5 49. Ra4 Rd5 50. g4 fxg4+ 51.
Kxg4 Kf6 52. h5 Kg7 53. Rc4 Rb5 54. Rc6 Be1 55. Ra6 Rb3 56. Ra7+ Kg8 57. Ra6 Rg3+ 58.
Kf5 Rh3 59. h6 Rh5+ 60. Kg6 Rh3 61. Ra8# 1-0

[Event "*** Titled Tuesday Blitz"]
[Site "Chess.com"]
[Date "2020.05.12"]
[Round "7"]
[White "MasterKroket"]
[Black "Kensei26"]
[Result "0-1"]
[WhiteElo "2416"]
[BlackElo "2242"]
[TimeControl "180+1"]
[EndTime "11:17:38 PDT"]
[Termination "Kensei26 won by resignation"]

1. d4 Nf6 2. c4 c5 3. d5 e6 4. Nc3 exd5 5. cxd5 d6 6. e4 g6 7. Nf3 a6 8. a4 Bg4 9. Bf4 Bxf3 10. Qxf3 Bg7 11.
Bd3 O-O 12. O-O Qe7 13. a5 Nbd7 14. Na4 Rac8 15. Rfe1 c4 16. Bc2 Ne5 17. Qe3 Nh5 18. Bg5 Bf6 19. Bh6 Bg7 20. Bxg7 Kxg7 21. f4 Nd7 22. g4 Nhf6 23. h3 Rfe8 24. Qd4 Kg8 25. Re3 Nc5 26. Nb6 Rc7 27. Rae1 Nfd7 28. e5 dxe5 29.
fxe5 Nxb6 30. axb6 Rcc8 31. d6 Qd8 32. Rf1 Ne6 33.
Qe4 Rf8 34. Kh2 Qxb6 35. Re2 Rcd8 36. Ref2 Qxb2 37. Bb1 Qd4 38. Qe2 Ng5 39. Rf4 Qd5 40. Rxc4 Rde8 41. h4 Ne6 42. Rc3 Nd4 43. Qe3 Rxe5 44.
Qg3 Nf3+ 45. Rfxf3 Re2+ 46. Kh3 Qd1 47. g5 Qh1+ 48. Kg4 Rg2 49. d7 Rxg3+ 50. Rxg3 Qxb1 51. Rc8 Qe4+ 52. Kh3 Qe6+ 53. Rg4 Qxd7 54. Rc4 b5 55.
Rd4 Qe6 56. Kg3 Rb8 57. Rgf4 b4 58. Rde4 Qb3+ 59. Kg4 a5 60. h5 Qd5 61. h6 Qd7+ 62. Kg3 b3 63. Re1 a4 64. Rd1 Qxd1 0-1

[Event "*** Titled Tuesday Blitz"]
[Site "Chess.com"]
[Date "2020.05.12"]
[Round "7"]
[White "IMTominho"]
[Black "FelixJoseYnojosa"]
[Result "1/2-1/2"]
[WhiteElo "2826"]
[BlackElo "2630"]
[TimeControl "180+1"]
[EndTime "11:17:39 PDT"]
[Termination "Game drawn - insufficient material"]

1. d4 Nf6 2. Bg5 c5 3. d5 b5 4. Bxf6 gxf6 5. e4 b4 6. Qh5 d6 7.
Nd2 Nd7 8. f4 Bg7 9. Bb5 f5 10.
e5 O-O 11. Bxd7 Bxd7 12. O-O-O dxe5 13. fxe5 Bxe5 14. Ngf3 Bg7 15. Nc4 a5 16. Rhe1 a4 17. Nce5 b3 18. cxb3 h6 19. d6 e6 20. Nxd7 Qxd7 21. Ne5 Qa7 22. d7 axb3 23. axb3 Qc7 24. Nc4 Rfd8 25. g4 Qf4+ 26. Kc2 Qf2+ 27. Kb1 Rxd7 28. gxf5 Rxd1+ 29. Rxd1 exf5 30. Qh3 Re8 31. Rf1 Re1+ 32. Rxe1 Qxe1+ 33. Ka2 Qe4 34. Nd6 Qd4 35. Nc4 Qe4 36. Nd6 Qa8+ 37. Kb1 f4 38. Qf5 Qh1+ 39.
Ka2 Qa8+ 40. Kb1 Qg2 41. Qxf7+ Kh7 42. Qf5+ Qg6 43. Kc2 Qxf5+ 44. Nxf5 Kg6 45. Nxg7 Kxg7 46. Kd3 Kf6 47. Ke4 Kg5 48. h3 h5 49. h4+ Kxh4 50. Kxf4 Kh3 51. Kf3 Kh4 52. Kf4 Kh3 53. Kf3 Kh2 54. Kf2 h4 55. Kf3 Kg1 56. Kg4 Kf2 57.
Kxh4 Ke3 58. Kg4 Kd3 59. Kf4 Kc2 60. Ke5 Kxb2 61. Kd5 Kxb3 62. Kxc5 1/2-1/2

[Event "*** Titled Tuesday Blitz"]
[Site "Chess.com"]
[Date "2020.05.12"]
[Round "7"]
[White "RobertoJBM"]
[Black "WastefulJustice"]
[Result "1-0"]
[WhiteElo "2576"]
[BlackElo "2385"]
[TimeControl "180+1"]
[EndTime "11:17:40 PDT"]
[Termination "RobertoJBM won on time"]

1. d4 Nf6 2. c4 e6 3. Nc3 c5 4. d5 exd5 5. cxd5 d6 6. e4 g6 7. Bd3 Bg7 8. h3 O-O 9. Nf3 Re8 10. O-O c4 11. Bc2 a6 12. a4 Nbd7 13. Re1 Qc7 14. Bf4 Rb8 15. Qd2 Nh5 16. Bh2 Ne5 17. Nxe5 Bxe5 18.
Bxe5 Rxe5 19. f4 Re8 20. g4 Ng7 21. Qd4 h5 22. f5 hxg4 23. hxg4 Re5 24. Kg2 Ne8 25. Re3 Nf6 26. Rg3 Bd7 27. Rf1 Rf8 28. Rf2 b5 29. axb5 axb5 30. Ne2 Qc5 31. Qxc5 dxc5 32.
Kf3 Rfe8 33. fxg6 fxg6 34. Nf4 Kg7 35. Re2 Rg5 36. Ne6+ Bxe6 37. dxe6 Rxe6 38. Rd2 Rge5 39. Re2 b4 40. g5 Nh7 41. Kf4 Re7 42. Rd2 Nf8 43. Rd5 Rxd5 44. exd5 Re2 45. Ba4 Rxb2 46. Ke5 Re2+ 47. Kd6 b3 48. Kxc5 b2 49. Rg1 c3 50.
Rb1 c2 51. Bxc2 Rxc2+ 52. Kd4 Nd7 53. Kd3 Rg2 54. Kd4 Kf7 55. d6 Ke6 56. Kc3 Kxd6 57. Rd1+ Ke6 58. Kb3 Nc5+ 59. Ka2 Ne4 60. Rd3 Ke5 61.
Ra3 Nd2 62. Ra5+ 1-0

[Event "*** Titled Tuesday Blitz"]
[Site "Chess.com"]
[Date "2020.05.12"]
[Round "7"]
[White "C_K_G"]
[Black "Bossche-CM"]
[Result "0-1"]
[WhiteElo "2035"]
[BlackElo "2442"]
[TimeControl "180+1"]
[EndTime "11:17:40 PDT"]
[Termination "Bossche-CM won on time"]

1. e4 c5 2. Nf3 e6 3. d4 cxd4 4. Nxd4 Nf6 5. Nc3 Qb6 6. Nb3 Bb4 7. Bd3 a6 8. O-O Nc6 9. Be3 Qc7 10. f4 h5 11. Kh1 b5 12. e5 Ng4 13. Bg1 Bb7 14. Ne4 d5 15. exd6 Bxd6 16. Nbc5 Bxc5 17.
Nxc5 Rd8 18. Nxb7 Qxb7 19. Qe2 Nd4 20. Bxd4 Rxd4 21. Rad1 Ke7 22. Rde1 Qb6 23. f5 e5 24. h3 f6 25. Be4 Nh6 26. Rd1 Rhd8 27. Rxd4 Qxd4 28.
Bd3 h4 29. Qh5 Nf7 30. Qg6 Qxb2 31. Qxg7 Qxa2 32. Be4 Rd2 33. Bf3 Qxc2 34. Bh5 Qc4 35. Rg1 b4 36. Bg6 b3 37. Bxf7 Qxf7 38. Qh6 Rc2 39.
Qxh4 b2 40. Qb4+ Ke8 41. Qa4+ Qd7 42. Qxc2 Qb5 43. Qb1 a5 44. Rd1 a4 45. Rd6 a3 46.
Re6+ Kf7 47. Qe1 b1=Q 48. Qxb1 Qxb1+ 49. Kh2 a2 50. h4 a1=Q 51. h5 Qxf5 0-1

[Event "*** Titled Tuesday Blitz"]
[Site "Chess.com"]
[Date "2020.05.12"]
[Round "7"]
[White "Aureliano-Buendia"]
[Black "IMinTheWings"]
[Result "0-1"]
[WhiteElo "2389"]
[BlackElo "2226"]
[TimeControl "180+1"]
[EndTime "11:17:40 PDT"]
[Termination "IMinTheWings won by resignation"]

1. d4 Nf6 2. c4 e6 3. g3 c5 4. d5 exd5 5. cxd5 d6 6. Nc3 g6 7. Nf3 Bg7 8. Bg2 O-O 9. O-O Re8 10. Nd2 a6 11. a4 Nbd7 12. Qb3 Qc7 13. Nc4 Rb8 14. e4 b6 15. f4 Rb7 16. e5 dxe5 17.
d6 Qb8 18. f5 b5 19. axb5 axb5 20. Na5 Rb6 21. fxg6 hxg6 22. Nd5 Rxd6 23. Ne3 c4 24. Qb4 Qb6 25. Kh1 Qc5 26. Qe1 e4 27. b4 Qb6 28.
Naxc4 bxc4 29. Nxc4 Qc6 30. Nxd6 Qxd6 31. Bf4 Qe7 32.
b5 Nd5 33. Rb1 Nc3 34. Rb3 Nd5 35. Qd2 N7b6 36. Be3 Nxe3 37. Qxe3 Qb7 38. Rb4 Nd5 39. Rxe4 Be6 40. Qd2 Qxb5 41. Ree1 Bc3 42. Qe2 Qc5 43.
Rc1 Qd4 44. Rfd1 Qc5 45. Qd3 Qe3 46. Qxe3 Nxe3 47. Re1 Nxg2 48. Kxg2 Bd5+ 49. Kf2 Bxe1+ 50. Rxe1 Rxe1 51. Kxe1 Kg7 52. h3 Kf6 53. Kf2 Be6 54. Ke3 Bxh3 0-1

[Event "*** Titled Tuesday Blitz"]
[Site "Chess.com"]
[Date "2020.05.12"]
[Round "7"]
[White "chesslh19"]
[Black "TokChess"]
[Result "0-1"]
[WhiteElo "2189"]
[BlackElo "2391"]
[TimeControl "180+1"]
[EndTime "11:17:40 PDT"]
[Termination "TokChess won by resignation"]

1. e4 c5 2. Nf3 e6 3. d4 cxd4 4. Nxd4 a6 5. Bd3 g6 6. c4 Bg7 7. Be3 Qc7 8. Nc3 Nf6 9. O-O O-O 10.
f3 d6 11. Qd2 Nbd7 12. Rac1 b6 13. Rfd1 Bb7 14. Bf1 Rfd8 15. Kh1 Rac8 16. b3 Qb8 17. Na4 Ba8 18. Bh6 Nc5 19. Bxg7 Kxg7 20. Nc3 h6 21. b4 Ncd7 22. Na4 Ne5 23. a3 d5 24.
cxd5 Rxc1 25. Qxc1 exd5 26. f4 Neg4 27. e5 Ne4 28.
Kg1 Rc8 29. Qb2 b5 30. Nc5 Nxc5 31. bxc5 Rxc5 32. e6 Nf6 33. exf7 Kxf7 34. g3 Bb7 35. Bh3 Bc8 36. Bg2 Bg4 37. Re1 Qd6 38. h3 Bd7 39.
Kh2 Rc4 40. Nb3 Qc7 41. Qe5 Qxe5 42. fxe5 Ne4 43. Bxe4 Rxe4 44. Rxe4 dxe4 45. Nc5 Bc6 46. Kg1 a5 47. Kf2 b4 48. axb4 axb4 49. Ke3 Ke7 50. Kd4 h5 51. h4 Ba8 52. Ke3 Bd5 53. Kd4 b3 54. Kc3 e3 55. Nxb3 Bxb3 56. Kd3 Ke6 57. Kxe3 Kxe5 58. Kf3 Be6 59. Kf2 Bg4 60.
Kg2 Ke4 61. Kf2 Kd3 0-1

[Event "*** Titled Tuesday Blitz"]
[Site "Chess.com"]
[Date "2020.05.12"]
[Round "7"]
[White "earling8018"]
[Black "Azoulas1"]
[Result "0-1"]
[WhiteElo "2014"]
[BlackElo "1924"]
[TimeControl "180+1"]
[EndTime "11:17:40 PDT"]
[Termination "Azoulas1 won by resignation"]

1. d4 Nf6 2. c4 e6 3. Nc3 Bb4 4. Nf3 O-O 5. e3 b6 6. Be2 Bxc3+ 7. bxc3 Bb7 8. O-O Ne4 9. Qc2 d6 10. Bd3 f5 11. d5 exd5 12. Nd4 Qf6 13. cxd5 Bxd5 14.
c4 Bb7 15. Bb2 Nd7 16. f3 Nec5 17. Nxf5 Qe6 18. e4 Rxf5 19. exf5 Qe3+ 20. Kh1 Qxd3 21. Qc3 Qxc3 22. Bxc3 Rf8 23. g4 h5 24. h3 hxg4 25. hxg4 Nf6 26. Kh2 a5 27. Kg3 Nfe4+ 28. fxe4 Nxe4+ 29. Kf4 Nxc3 30. Rfe1 d5 31. Re3 d4 32. Re7 Rf7 33.
Rae1 Ne4 34. R7xe4 Bxe4 35. Rxe4 Rd7 36. Re2 Kf7 37.
Rd2 c5 38. Rb2 Rd6 39. Ke5 Ke7 40. g5 d3 41. Rd2 Rd4 42. f6+ gxf6+ 43. gxf6+ Kf7 44.
a3 a4 45. Kf5 Rd6 46. Ke5 Rd4 47. Kf5 b5 48. cxb5 c4 49. Ke5 Rd8 50. b6 c3 51.
Rh2 d2 52. Rh7+ Kg8 53. Rh1 d1=Q 54. Rxd1 Rxd1 55. b7 Rd8 0-1

[Event "*** Titled Tuesday Blitz"]
[Site "Chess.com"]
[Date "2020.05.12"]
[Round "7"]
[White "Ginzburg_Yakov"]
[Black "Dinamo81"]
[Result "0-1"]
[WhiteElo "2391"]
[BlackElo "2613"]
[TimeControl "180+1"]
[EndTime "11:17:41 PDT"]
[Termination "Dinamo81 won by resignation"]

1. e4 d5 2. Nc3 dxe4 3. Nxe4 Qd5 4. Qf3 Nc6 5. c3 e5 6. Ng5 Qxf3 7. N1xf3 h6 8. Ne4 f5 9. Ng3 e4 10. Nh4 Nge7 11.
Be2 Be6 12. Bh5+ Kd7 13. Bg6 Nxg6 14. Nxg6 Rg8 15. O-O Bc5 16. d4 exd3 17. Rd1 Rad8 18. Be3 Bd6 19. Rxd3 Kc8 20. Rad1 Bf7 21. Nf4 g5 22.
Nxf5 Bxf4 23. Bxf4 gxf4 24. Nxh6 Rxd3 25. Rxd3 Rf8 26.
Nxf7 Rxf7 27. h4 Rf5 28. Kh2 Ne5 29. Rd4 c5 30. Rd6 Kc7 31. Rd1 Ng4+ 32. Kg1 Re5 33. f3 Ne3 34. Re1 Kd6 35. Kf2 Nf5 36. Rd1+ Rd5 37.
Rxd5+ Kxd5 38. h5 Ke5 39. Ke2 c4 40. b3 b5 41. bxc4 bxc4 42. Kd2 Kf6 43. Kc2 Ne3+ 44. Kb2 Nxg2 45. Ka3 Ne1 46. Kb4 Nxf3 47. Kxc4 Ne5+ 48.
Kd4 Kg5 49. Ke4 f3 50. Ke3 Kxh5 51. c4 Kg4 52. Ke4 f2 53. Kxe5 f1=Q 0-1

[Event "*** Titled Tuesday Blitz"]
[Site "Chess.com"]
[Date "2020.05.12"]
[Round "7"]
[White "PelinGorki"]
[Black "Riazantsev"]
[Result "1/2-1/2"]
[WhiteElo "2488"]
[BlackElo "2653"]
[TimeControl "180+1"]
[EndTime "11:17:45 PDT"]
[Termination "Game drawn - insufficient material"]

1. e4 Nf6 2. Nc3 d5 3. e5 d4 4. Nce2 Ng4 5. f4 c5 6. Ng3 g6 7. Nf3 Nc6 8. Bc4 Na5 9. Bb5+ Bd7 10. Bxd7+ Qxd7 11. Ng5 h6 12. e6 fxe6 13. Qxg4 hxg5 14. Qxg5 O-O-O 15. Qxc5+ Nc6 16. d3 e5 17. fxe5 Qg4 18.
Qc4 Kb8 19. O-O e6 20. Bf4 g5 21. Bd2 Qh4 22. Qxe6 Qxh2+ 23. Kf2 Bc5 24. Rh1 Rdf8+ 25.
Nf5 Qxe5 26. Qxe5+ Nxe5 27. Rxh8 Rxh8 28. Bxg5 Rf8 29. g4 Nxg4+ 30. Kg3 Rxf5 31. Kxg4 Rf2 32.
c3 Rxb2 33. Bf4+ Ka8 34. cxd4 Bxd4 35. Rh1 a5 36. Rh5 Rxa2 37. Rd5 Bc3 38. Rd8+ Ka7 39. Be3+ Ka6 40. Rd6+ Kb5 41. Rb6+ Ka4 42. Rxb7 Bb4 43. d4 Ra3 44. Bf2 Rd3 45. Kf4 Kb3 46. Ke4 Rd1 47.
d5 Kc4 48. Rc7+ Kb5 49. Rb7+ Kc4 50. Rc7+ Kb3 51. Rb7 Kc3 52. Bd4+ Kc4 53. Be3 Kb3 54. Bc5 Re1+ 55. Kf5 Kc4 56. Bxb4 axb4 57. d6 Rd1 58. d7 b3 59. Ke6 Kc3 60. Rb6 b2 61. Rc6+ Kb3 62. Rb6+ Kc2 63. Rxb2+ Kxb2 64. Ke7 Rxd7+ 65. Kxd7 1/2-1/2

[Event "*** Titled Tuesday Blitz"]
[Site "Chess.com"]
[Date "2020.05.12"]
[Round "7"]
[White "Konek-Gorbunok"]
[Black "kot60"]
[Result "1/2-1/2"]
[WhiteElo "2169"]
[BlackElo "2340"]
[TimeControl "180+1"]
[EndTime "11:17:45 PDT"]
[Termination "Game drawn by agreement"]

1. d4 Nf6 2. Nf3 g6 3. c4 Bg7 4. Nc3 d5 5. cxd5 Nxd5 6. Bd2 Nb6 7. Bg5 O-O 8. e3 N8d7 9. Be2 Nf6 10. O-O Bf5 11.
Rc1 c6 12. h3 Nbd5 13. Qb3 Qb6 14. Nxd5 Nxd5 15. Qxb6 axb6 16. a3 h6 17. Bh4 Rfe8 18.
Bc4 Rad8 19. Bg3 b5 20. Bb3 g5 21. Rfd1 Bg6 22. Ne5 Bh7 23. Nd3 Bxd3 24. Rxd3 Kf8 25. Kf1 e6 26. f3 Rd7 27. e4 Nf6 28. Rcd1 Nh5 29. Bh2 Red8 30. d5 cxd5 31. exd5 Bxb2 32. d6 e5 33. Rd5 Nf4 34. Bxf4 gxf4 35. Rxb5 Rxd6 36.
Rxd6 Rxd6 37. Rxb7 Bxa3 38. Rxf7+ Ke8 39. Rc7 Bb2 40.
Rc2 Bd4 41. Ke2 Rb6 42. Ba4+ Ke7 43. Rc7+ Kd6 44. Rc2 Rb1 45. Kd3 Re1 46. Re2 Ra1 47. Bb3 Rc1 48. Ke4 Rc3 49. Bg8 Kc5 50. Kf5 Re3 51.
Rc2+ Bc3 52. Kg6 Kd4 53. Kxh6 Kd3 54. Ra2 Bd4 55. Bh7+ Kc3 56. Be4 Re1 57. h4 Rh1 58. h5 Kb3 59. Ra6 Rh2 60. Rg6 Bc5 61. Rg4 Bf8+ 62.
Kg6 Kc3 63. Rg5 Kd4 64. Rg4 Rh1 65.
Kf7 1/2-1/2

[Event "*** Titled Tuesday Blitz"]
[Site "Chess.com"]
[Date "2020.05.12"]
[Round "7"]
[White "Djager97"]
[Black "Mr_Sinigami"]
[Result "0-1"]
[WhiteElo "2429"]
[BlackElo "2611"]
[TimeControl "180+1"]
[EndTime "11:17:46 PDT"]
[Termination "Mr_Sinigami won by resignation"]

1. e4 c5 2. Nf3 e6 3. d4 cxd4 4. Nxd4 a6 5. Bd3 Nf6 6. O-O Qc7 7. Qe2 d6 8. c4 Nc6 9. Nb3 Ne5 10. Nc3 Be7 11. Nd4 O-O 12. b3 b5 13. Ndxb5 axb5 14. Nxb5 Qb8 15. Bc2 Ba6 16. Bb2 Bxb5 17. cxb5 Rc8 18.
a4 Ng6 19. f4 e5 20. fxe5 dxe5 21. g3 Bc5+ 22. Kg2 Bd4 23. Bd3 Qd6 24. Bc4 Rd8 25. Rad1 Qe7 26. Bc1 h6 27. Qf3 Nf8 28. Bxh6 gxh6 29.
Qxf6 Qxf6 30. Rxf6 Rd7 31. Rdf1 Raa7 32. Rxh6 Kg7 33. Rhf6 Ng6 34. h4 Nf4+ 35. R6xf4 exf4 36. gxf4 Be3 37. Kf3 Bc5 38. e5 Rd2 39. Ke4 Kf8 40.
Kf5 Rad7 41. a5 Rh2 42. b6 Rxh4 43. b4 Be3 44. Rf3 Rd4 45. b7 Rhxf4+ 46. Rxf4 Rxf4+ 47. Kg5 Rxc4+ 48. Kf5 Rxb4 49. a6 Ba7 50. e6 Rb6 51. exf7 Kxf7 52. Ke5 Rxa6 53. Kd5 Rb6 54. b8=Q Rxb8 0-1

[Event "*** Titled Tuesday Blitz"]
[Site "Chess.com"]
[Date "2020.05.12"]
[Round "7"]
[White "frankshar"]
[Black "AlanZhang"]
[Result "1-0"]
[WhiteElo "2349"]
[BlackElo "2171"]
[TimeControl "180+1"]
[EndTime "11:17:46 PDT"]
[Termination "frankshar won by resignation"]

1. d4 Nf6 2. c4 e6 3. Nf3 d5 4. Nc3 Be7 5. Bf4 O-O 6. Rc1 c5 7. e3 Nc6 8. cxd5 exd5 9. dxc5 Bxc5 10. Be2 Be6 11. O-O Be7 12. Nd4 Rc8 13. Nxc6 Rxc6 14. Nb5 a6 15. Nd4 Rxc1 16. Qxc1 Bd6 17. Bxd6 Qxd6 18.
Bf3 Rc8 19. Qd2 Ne4 20. Bxe4 dxe4 21. a3 g6 22. Rc1 Rc4 23. Rxc4 Bxc4 24. Qc3 Bd5 25. b4 h6 26. h3 b6 27. Qc8+ Kh7 28.
Qxa6 Qc7 29. Qe2 Qc1+ 30. Kh2 Qxa3 31. Qb5 Qa2 32. Kg1 Qb1+ 33. Kh2 Qa2 34. Kg3 h5 35. h4 Bc4 36. Qxb6 Qa8 37. Qc7 Qd5 38. Kh2 Bd3 39. b5 Bxb5 40. Nxb5 Qxb5 41. Qxf7+ Kh6 42. Qf4+ Kg7 43.
Qxe4 Qf1 44. Qf4 Kh7 45. g3 Qe2 46. e4 Kg7 47. e5 Qa6 48. Kg2 Qe6 49. Qf6+ Qxf6 50.
exf6+ Kxf6 51. Kf3 Kf5 52. Ke3 Kg4 53. Ke4 g5 54.
hxg5 Kxg5 55. f3 h4 56. gxh4+ Kxh4 57. f4 Kh5 58. Ke5 Kg6 59. Ke6 Kg7 60. f5 Kf8 61.
Kf6 Ke8 62. Kg7 Ke7 63. f6+ Kd6 64. f7 Kd5 65. f8=Q Kd4 66. Qe7 Kd3 67. Qe5 1-0

[Event "*** Titled Tuesday Blitz"]
[Site "Chess.com"]
[Date "2020.05.12"]
[Round "7"]
[White "Stronger1799"]
[Black "Efremov_Vlad"]
[Result "1-0"]
[WhiteElo "2298"]
[BlackElo "2124"]
[TimeControl "180+1"]
[EndTime "11:17:46 PDT"]
[Termination "Stronger1799 won by resignation"]

1. e4 c5 2. Nf3 Nc6 3. d4 cxd4 4. Nxd4 Nf6 5. Nc3 e5 6. Ndb5 d6 7. a4 a6 8. Na3 Be7 9. Be2 Be6 10. O-O d5 11. exd5 Nxd5 12. Nxd5 Qxd5 13. Be3 O-O 14. Nc4 Qxd1 15. Rfxd1 Rad8 16. c3 f5 17. b4 f4 18.
Rxd8 Nxd8 19. Bb6 e4 20. Rd1 f3 21. gxf3 exf3 22. Bd3 Bf6 23. b5 axb5 24. axb5 Nf7 25. Re1 Bd7 26. Re3 Bxb5 27. Rxf3 Bc6 28. Rg3 Ng5 29.
Nd6 Nf3+ 30. Kf1 Ne5 31. Bc2 Ra8 32. f4 Ra1+ 33. Ke2 Ng6 34. Bc5 Nxf4+ 35. Kd2 Nd5 36.
Bb3 Rb1 37. Kc2 Rh1 38. Rd3 Rxh2+ 39. Kb1 Rh5 40. Ne4 Re5 41. Ng3 Kh8 42. c4 Nc7 43. Bd4 Re8 44. Kc2 Bxd4 45. Rxd4 Ne6 46. Rh4 Nc5 47. Ba2 Ne4 48. Nf5 Nf6 49. Nd6 Be4+ 50.
Kc3 Re6 51. c5 b6 52. Bxe6 Nd5+ 53. Bxd5 Bxd5 54. cxb6 h6 55. Rd4 Bc6 56. b7 Bxb7 57. Nxb7 Kh7 58. Nd6 g5 59. Ne4 Kg6 60. Kd3 Kf5 61.
Ke3 h5 62. Rd5+ Kg4 63. Rxg5+ Kh4 64. Rg8 1-0

[Event "*** Titled Tuesday Blitz"]
[Site "Chess.com"]
[Date "2020.05.12"]
[Round "7"]
[White "calin_dragomirescu"]
[Black "KerryStead"]
[Result "1-0"]
[WhiteElo "2291"]
[BlackElo "2107"]
[TimeControl "180+1"]
[EndTime "11:17:46 PDT"]
[Termination "calin_dragomirescu won on time"]

1. Nf3 d5 2. c4 d4 3. e3 c5 4. exd4 cxd4 5. d3 Nc6 6. g3 f6 7. Bg2 e5 8. O-O Be6 9. Na3 a6 10. Nc2 Bd6 11. a3 a5 12. Rb1 a4 13. Bd2 Nge7 14.
Bb4 Nxb4 15. Nxb4 Qd7 16. Nd2 O-O 17. Ne4 Nc6 18. Nd5 Ra6 19. Nxd6 Qxd6 20. Re1 Qd7 21. Qd2 Na5 22. f4 Nb3 23. Qf2 Bf5 24. Rbd1 Nc5 25.
Bf1 Bg4 26. Be2 Bxe2 27. Qxe2 Re6 28. Qf1 exf4 29. Nxf4 Re5 30. Qg2 Rfe8 31. Rxe5 Rxe5 32. Nd5 Qf5 33. Nb4 Re3 34. Rf1 Qg6 35. Qd5+ Ne6 36.
Nc2 Re2 37. Nxd4 Qxd3 38. Nxe6 Qe3+ 39. Kh1 Qxe6 40. Qxe6+ Rxe6 41. Rf5 Re1+ 42. Kg2 Rb1 43. Rb5 Rc1 44. Rb4 Rc2+ 45. Kf3 g5 46. Rxb7 Rxc4 47. Rb4 Rc2 48. h3 Kg7 49. g4 Kg6 50. Ke3 h5 51. gxh5+ Kxh5 52. Rxa4 Rxb2 53. Kd3 Rb3+ 54. Kc4 Rxh3 55.
Ra8 Rh4+ 56. Kb5 Kg6 57. a4 g4 58. a5 g3 59. Rg8+ Kf5 60. Rxg3 Kf4 61. Ra3 Rh5+ 62. Kb6 1-0